Canadiens vs Bruins (R4)

Created - April 14, 2024 at 17:36

Goals
1 2 3 T
Canadiens 0 1 1 2
Bruins 2 3 0 5
Shots
1 2 3 T
Canadiens 8 9 9 26
Bruins 10 9 6 25

GoalsPenalties
1st period
1. Bruins , Alex Iafallo 2 (Brady Skjei 6, Cam Fowler 7) at 6:31
2. Bruins , Tom Wilson 2 (Brady Skjei 7, Brandon Saad 1) at 15:57 (PP)
Ivan Provorov (MTL) for Diving (Minor) at 0:36
Brady Skjei (BOS) for Hooking (Minor) at 8:00
Ivan Provorov (MTL) for High sticking (Minor) at 12:15
Artturi Lehkonen (MTL) for Tripping (Minor) at 15:35
Brady Skjei (BOS) for Roughing (Minor) at 17:02
Teuvo Teravainen (MTL) for Hooking (Minor) at 19:42
2nd period
3. Bruins , Charlie Coyle 2 (Brett Pesce 1) at 6:22 (SH)
4. Canadiens , Valeri Nichushkin 2 (Jaccob Slavin 2, Ivan Provorov 6) at 8:56 (PP)
5. Bruins , Tom Wilson 3 (Brandon Saad 2) at 15:54
6. Bruins , Bryan Rust 1 (Anze Kopitar 3, Andrew Mangiapane 3) at 17:33
Artturi Lehkonen (MTL) for Roughing (Minor) at 0:35
Filip Forsberg (MTL) for Roughing (Minor) at 4:00
Trevor Zegras (BOS) for Holding (Minor) at 4:30
Tom Wilson (BOS) for Roughing (Minor) at 7:20
Brady Skjei (BOS) for Interference (Minor) at 10:51
3rd period
7. Canadiens , Valeri Nichushkin 3 (Mattias Ekholm 1, Leon Draisaitl 3) at 8:10
No Penalty
Goalie Stats
Elvis Merzlikins (MTL), 7 saves from 8 shots - (0.875), 24:06 minutes
Kaapo Kahkonen (MTL), 13 saves from 17 shots - (0.765), L, 2-3-0, 35:54 minutes
Jake Allen (BOS), 24 saves from 26 shots - (0.923), W, 1-0-0, 60:00 minutes
3 StarsOfficial
1 - Tom Wilson (BOS)
2 - Charlie Coyle (BOS)
3 - Valeri Nichushkin (MTL)
Referees : Ghislain Hebert and Ryan Hersey
Linesman : Greg Devorski and Shandor Alphonso
Game Note
Elvis Merzlikins enters game at 15:54 of 2nd period
Finance
Level 1 -- Attendance: 6000 (100.00%) -- Ticket Income $708,000
Level 2 -- Attendance: 4992 (99.84%) -- Ticket Income $374,400
Level 3 -- Attendance: 3500 (100.00%) -- Ticket Income $168,000
Level 4 -- Attendance: 2851 (89.65%) -- Ticket Income $85,530
Luxury Box -- Attendance: 1000 (100.00%) -- Ticket Income $211,000
Game was played at the TD Garden.
Total Attendance: 18343 (98.20%)
Total Ticket Income: $1,546,930
Other Income: $386,732
Total Income: $1,933,662



Team Name Goals Shots Shots Attemp Shots Blocked PIM HIT PP PK FO%
Canadiens 22660312271 / 5 (20%)148%
Bruins 525461210311 / 6 (17%)152%

Canadiens
Player Name POS G A P +/- PIM HIT SHT SB MP PP MP PP SHT PK MP PK SHT FO% FOT
Adam PelechD0000010114:270:0002:0900% 0
Alex GoligoskiD0000000111:060:0000:0000% 0
Alexander KerfootC0000011010:260:0005:05041% 17
Andrew CoglianoC000002006:570:0001:3600% 0
Anthony ManthaRW0000002010:020:0000:000100% 1
Artturi LehkonenLW000-4441020:323:4013:5600% 2
Brendan GallagherRW000000105:210:0000:0000% 0
Daniel SprongRW0000000010:020:0000:0000% 2
Filip ForsbergLW0001235019:434:2300:41050% 2
Ivan ProvorovD011-2441125:213:4611:2700% 0
Jaccob SlavinD011-2011026:393:4614:2400% 0
Lars EllerC0000001010:020:0000:00050% 6
Leon DraisaitlC0111002020:214:2310:03050% 26
Mattias EkholmD011-1061021:054:1703:4900% 0
Ryan O'ReillyC000-4024019:493:4012:56058% 24
Ryan SuterD000-1011021:204:1713:3500% 0
Teuvo TeravainenLW000-4211016:223:4010:0000% 0
Valeri NichushkinRW2021014020:024:2330:0000% 1
Bruins
Player Name POS G A P +/- PIM HIT SHT SB MP PP MP PP SHT PK MP PK SHT FO% FOT
Alex IafalloLW1011013016:180:0003:370100% 1
Andrew MangiapaneLW0111010020:044:0600:000100% 2
Anze KopitarC0111002019:133:1500:00060% 25
Brady SkjeiD0222671020:544:1200:0000% 0
Brandon SaadLW0220001017:433:3610:000100% 1
Brett PesceD0111020118:250:0003:5500% 0
Bryan RustRW1011014020:044:0610:0000% 3
Cam FowlerD0112042220:434:1220:0000% 0
Charlie CoyleC1012021115:190:2104:26158% 19
Dmitry KulikovD0000000116:443:3000:0000% 0
Jamie OleksiakD000101006:550:0003:5500% 0
Mark GiordanoD0000021114:500:0004:0800% 0
Nicolas RoyC000001107:150:0003:37014% 7
T.J. BrodieD0000030321:263:3004:0800% 0
Tom WilsonRW2020243217:423:3620:0000% 0
Trevor ZegrasC0000214018:124:0500:00043% 21
Yegor SharangovichC0002012114:580:0004:260100% 1
Zach PariseLW000000003:380:0000:000100% 1



Play-by-Play

1st period


0:01 of 1st period - Andrew Mangiapane wins face-off versus Leon Draisaitl in neutral zone.
0:01 of 1st period - Bryan Rust is hit by Valeri Nichushkin and loses puck.
0:36 of 1st period - Minor Penalty to Ivan Provorov for Diving.
0:37 of 1st period - Alexander Kerfoot wins face-off versus Anze Kopitar in Canadiens zone.
0:56 of 1st period - Shot by Tom Wilson.
0:56 of 1st period - Shot Misses the Net.
1:12 of 1st period - Shot by Anze Kopitar.
1:12 of 1st period - Shot Misses the Net.
1:50 of 1st period - Adam Pelech is hit by Andrew Mangiapane.
1:54 of 1st period - Shot by Trevor Zegras.
1:54 of 1st period - Shot Misses the Net.
2:59 of 1st period - Shot by Lars Eller.
2:59 of 1st period - Deflect By Daniel Sprong.
2:59 of 1st period - Shot Misses the Net.
3:01 of 1st period - Shot by Anthony Mantha.
3:01 of 1st period - Shot Misses the Net.
3:05 of 1st period - Shot by Lars Eller.
3:05 of 1st period - Stopped by Jake Allen with a rebound.
3:35 of 1st period - Anthony Mantha is hit by Yegor Sharangovich and loses puck.
3:41 of 1st period - Icing by Daniel Sprong.
3:42 of 1st period - Lars Eller wins face-off versus Bryan Rust in Canadiens zone.
5:16 of 1st period - Icing by Mark Giordano.
5:17 of 1st period - Alexander Kerfoot wins face-off versus Trevor Zegras in Bruins zone.
5:49 of 1st period - Shot by Alexander Kerfoot.
5:49 of 1st period - Stopped by Jake Allen without a rebound.
5:50 of 1st period - Leon Draisaitl wins face-off versus Anze Kopitar in Bruins zone.
6:01 of 1st period - Shot by Bryan Rust.
6:01 of 1st period - Stopped by Kaapo Kahkonen without a rebound.
6:02 of 1st period - Charlie Coyle wins face-off versus Ryan O'Reilly in Canadiens zone.
6:13 of 1st period - Shot by Cam Fowler.
6:13 of 1st period - Shot Misses the Net.
6:31 of 1st period - Shot by Alex Iafallo.
6:31 of 1st period - Goal by Alex Iafallo - Canadiens : 0 - Bruins : 1.
6:32 of 1st period - Leon Draisaitl wins face-off versus Trevor Zegras in neutral zone.
7:10 of 1st period - Trevor Zegras is hit by Filip Forsberg and loses puck.
7:33 of 1st period - Shot by Anze Kopitar.
7:33 of 1st period - Shot Misses the Net.
8:00 of 1st period - Minor Penalty to Brady Skjei for Hooking.
8:01 of 1st period - Yegor Sharangovich wins face-off versus Artturi Lehkonen in Bruins zone.
9:50 of 1st period - Shot by Teuvo Teravainen.
9:50 of 1st period - Shot Misses the Net.
10:01 of 1st period - Shot by Lars Eller.
10:01 of 1st period - Deflect By Anthony Mantha.
10:01 of 1st period - Shot Blocked by Cam Fowler.
10:09 of 1st period - Shot by Lars Eller.
10:09 of 1st period - Shot Misses the Net.
10:28 of 1st period - Tom Wilson is hit by Adam Pelech and loses puck.
10:37 of 1st period - Shot by Trevor Zegras.
10:37 of 1st period - Stopped by Kaapo Kahkonen with a rebound.
10:41 of 1st period - Shot by Trevor Zegras.
10:41 of 1st period - Stopped by Kaapo Kahkonen without a rebound.
10:42 of 1st period - Alexander Kerfoot wins face-off versus Anze Kopitar in Canadiens zone.
11:01 of 1st period - Icing by Andrew Cogliano.
11:02 of 1st period - Alex Iafallo wins face-off versus Alexander Kerfoot in Canadiens zone.
11:02 of 1st period - Alex Iafallo is hit by Mattias Ekholm.
11:21 of 1st period - Alex Iafallo is hit by Mattias Ekholm and loses puck.
11:56 of 1st period - Cam Fowler is hit by Andrew Cogliano and loses puck.
12:08 of 1st period - Icing by Anze Kopitar.
12:09 of 1st period - Anze Kopitar wins face-off versus Ryan O'Reilly in Bruins zone.
12:09 of 1st period - Brady Skjei is hit by Artturi Lehkonen and loses puck.
12:15 of 1st period - Minor Penalty to Ivan Provorov for High sticking.
12:16 of 1st period - Anze Kopitar wins face-off versus Artturi Lehkonen in Canadiens zone.
12:33 of 1st period - Shot by Tom Wilson.
12:33 of 1st period - Stopped by Kaapo Kahkonen without a rebound.
12:34 of 1st period - Alexander Kerfoot wins face-off versus Bryan Rust in Canadiens zone.
12:45 of 1st period - Jaccob Slavin is hit by Trevor Zegras and loses puck.
13:18 of 1st period - Shot by Bryan Rust.
13:18 of 1st period - Stopped by Kaapo Kahkonen without a rebound.
13:19 of 1st period - Anze Kopitar wins face-off versus Alexander Kerfoot in Canadiens zone.
14:02 of 1st period - Shot by Cam Fowler.
14:02 of 1st period - Stopped by Kaapo Kahkonen without a rebound.
14:03 of 1st period - Ryan O'Reilly wins face-off versus Trevor Zegras in Canadiens zone.
14:32 of 1st period - Shot by Alex Iafallo.
14:32 of 1st period - Stopped by Kaapo Kahkonen without a rebound.
14:33 of 1st period - Anze Kopitar wins face-off versus Daniel Sprong in Canadiens zone.
14:44 of 1st period - Shot by Anthony Mantha.
14:44 of 1st period - Shot Misses the Net.
15:18 of 1st period - Icing by Adam Pelech.
15:19 of 1st period - Trevor Zegras wins face-off versus Lars Eller in Canadiens zone.
15:35 of 1st period - Minor Penalty to Artturi Lehkonen for Tripping.
15:36 of 1st period - Trevor Zegras wins face-off versus Alexander Kerfoot in Canadiens zone.
15:39 of 1st period - Shot by Cam Fowler.
15:39 of 1st period - Stopped by Kaapo Kahkonen without a rebound.
15:40 of 1st period - Anze Kopitar wins face-off versus Alexander Kerfoot in Canadiens zone.
15:40 of 1st period - Cam Fowler is hit by Mattias Ekholm and loses puck.
15:55 of 1st period - Shot by Brady Skjei.
15:55 of 1st period - Shot Misses the Net.
15:57 of 1st period - Shot by Tom Wilson.
15:57 of 1st period - Goal by Tom Wilson - Canadiens : 0 - Bruins : 2.
15:58 of 1st period - Leon Draisaitl wins face-off versus Charlie Coyle in neutral zone.
16:01 of 1st period - Shot by Ivan Provorov.
16:01 of 1st period - Deflect By Filip Forsberg.
16:01 of 1st period - Shot Misses the Net.
16:07 of 1st period - Valeri Nichushkin is hit by Charlie Coyle and loses puck.
16:30 of 1st period - Shot by Filip Forsberg.
16:30 of 1st period - Stopped by Jake Allen with a rebound.
16:53 of 1st period - Jaccob Slavin is hit by Cam Fowler and loses puck.
16:57 of 1st period - Icing by Cam Fowler.
16:58 of 1st period - Ryan O'Reilly wins face-off versus Trevor Zegras in Bruins zone.
16:58 of 1st period - Ryan Suter is hit by Cam Fowler and loses puck.
17:02 of 1st period - Minor Penalty to Brady Skjei for Roughing.
17:03 of 1st period - Ryan O'Reilly wins face-off versus Charlie Coyle in Bruins zone.
17:14 of 1st period - Shot by Teuvo Teravainen.
17:14 of 1st period - Stopped by Jake Allen without a rebound.
17:15 of 1st period - Ryan O'Reilly wins face-off versus Nicolas Roy in Bruins zone.
17:16 of 1st period - Shot by Ryan Suter.
17:16 of 1st period - Stopped by Jake Allen with a rebound.
17:32 of 1st period - Shot by Artturi Lehkonen.
17:32 of 1st period - Shot Blocked by Charlie Coyle.
17:41 of 1st period - Teuvo Teravainen is hit by Nicolas Roy.
17:51 of 1st period - Icing by Ryan Suter.
17:52 of 1st period - Ryan O'Reilly wins face-off versus Charlie Coyle in Canadiens zone.
18:03 of 1st period - Shot by Ryan O'Reilly.
18:03 of 1st period - Stopped by Jake Allen without a rebound.
18:04 of 1st period - Charlie Coyle wins face-off versus Leon Draisaitl in Bruins zone.
18:18 of 1st period - Leon Draisaitl is hit by Mark Giordano and loses puck.
18:21 of 1st period - Shot by Valeri Nichushkin.
18:21 of 1st period - Stopped by Jake Allen with a rebound.
18:23 of 1st period - Shot by Valeri Nichushkin.
18:23 of 1st period - Stopped by Jake Allen with a rebound.
18:27 of 1st period - Shot by Leon Draisaitl.
18:27 of 1st period - Deflect By Valeri Nichushkin.
18:27 of 1st period - Shot Misses the Net.
18:37 of 1st period - Shot by Valeri Nichushkin.
18:37 of 1st period - Shot Misses the Net.
18:39 of 1st period - Shot by Ivan Provorov.
18:39 of 1st period - Deflect By Leon Draisaitl.
18:39 of 1st period - Shot Blocked by T.J. Brodie.
19:04 of 1st period - Icing by Charlie Coyle.
19:05 of 1st period - Ryan O'Reilly wins face-off versus Trevor Zegras in Bruins zone.
19:05 of 1st period - Teuvo Teravainen is hit by Brady Skjei and loses puck.
19:19 of 1st period - Ryan O'Reilly is hit by Brady Skjei and loses puck.
19:28 of 1st period - Brandon Saad is hit by Ryan O'Reilly and loses puck.
19:42 of 1st period - Minor Penalty to Teuvo Teravainen for Hooking.
19:43 of 1st period - Trevor Zegras wins face-off versus Alexander Kerfoot in Canadiens zone.
Goals for this period are 0 for Canadiens vs 2 for Bruins.
Shots for this period are 8 for Canadiens vs 10 for Bruins.

2nd period


0:01 of 2nd period - Alexander Kerfoot wins face-off versus Trevor Zegras in neutral zone.
0:09 of 2nd period - Icing by Cam Fowler.
0:10 of 2nd period - Alexander Kerfoot wins face-off versus Bryan Rust in Bruins zone.
0:10 of 2nd period - Artturi Lehkonen is hit by Cam Fowler and loses puck.
0:34 of 2nd period - Cam Fowler is hit by Alexander Kerfoot and loses puck.
0:35 of 2nd period - Minor Penalty to Artturi Lehkonen for Roughing.
0:36 of 2nd period - Anze Kopitar wins face-off versus Alexander Kerfoot in Canadiens zone.
0:41 of 2nd period - Shot by Brandon Saad.
0:41 of 2nd period - Stopped by Kaapo Kahkonen without a rebound.
0:42 of 2nd period - Anze Kopitar wins face-off versus Alexander Kerfoot in Canadiens zone.
2:41 of 2nd period - Shot by Yegor Sharangovich.
2:41 of 2nd period - Shot Blocked by Adam Pelech.
2:43 of 2nd period - Shot by Alex Iafallo.
2:43 of 2nd period - Shot Blocked by Alex Goligoski.
2:45 of 2nd period - Shot by Yegor Sharangovich.
2:45 of 2nd period - Stopped by Kaapo Kahkonen without a rebound.
2:46 of 2nd period - Nicolas Roy wins face-off versus Lars Eller in Canadiens zone.
3:19 of 2nd period - Shot by Alex Iafallo.
3:19 of 2nd period - Shot Misses the Net.
3:25 of 2nd period - Shot by Nicolas Roy.
3:25 of 2nd period - Stopped by Kaapo Kahkonen without a rebound.
3:26 of 2nd period - Trevor Zegras wins face-off versus Leon Draisaitl in Canadiens zone.
3:26 of 2nd period - Tom Wilson is hit by Ivan Provorov and loses puck.
3:35 of 2nd period - Shot by Filip Forsberg.
3:35 of 2nd period - Shot Misses the Net.
3:37 of 2nd period - Shot by Ivan Provorov.
3:37 of 2nd period - Shot Blocked by T.J. Brodie.
4:00 of 2nd period - Minor Penalty to Filip Forsberg for Roughing.
4:01 of 2nd period - Trevor Zegras wins face-off versus Alexander Kerfoot in Canadiens zone.
4:01 of 2nd period - Cam Fowler is hit by Mattias Ekholm and loses puck.
4:30 of 2nd period - Minor Penalty to Trevor Zegras for Holding.
4:31 of 2nd period - Leon Draisaitl wins face-off versus Nicolas Roy in Bruins zone.
4:46 of 2nd period - Shot by Ryan O'Reilly.
4:46 of 2nd period - Stopped by Jake Allen without a rebound.
4:47 of 2nd period - Leon Draisaitl wins face-off versus Nicolas Roy in Bruins zone.
4:47 of 2nd period - Valeri Nichushkin is hit by Mark Giordano and loses puck.
4:56 of 2nd period - Shot by Valeri Nichushkin.
4:56 of 2nd period - Shot Misses the Net.
5:08 of 2nd period - Nicolas Roy is hit by Ivan Provorov and loses puck.
5:14 of 2nd period - Icing by Ryan Suter.
5:15 of 2nd period - Leon Draisaitl wins face-off versus Charlie Coyle in Canadiens zone.
5:15 of 2nd period - Leon Draisaitl is hit by Charlie Coyle.
5:48 of 2nd period - Icing by Jamie Oleksiak.
5:49 of 2nd period - Ryan O'Reilly wins face-off versus Charlie Coyle in Bruins zone.
6:22 of 2nd period - Shot by Charlie Coyle.
6:22 of 2nd period - Goal by Charlie Coyle - Canadiens : 0 - Bruins : 3.
6:23 of 2nd period - Leon Draisaitl wins face-off versus Nicolas Roy in neutral zone.
7:20 of 2nd period - Minor Penalty to Tom Wilson for Roughing.
7:21 of 2nd period - Leon Draisaitl wins face-off versus Charlie Coyle in Bruins zone.
7:31 of 2nd period - Valeri Nichushkin is hit by Jamie Oleksiak and loses puck.
7:52 of 2nd period - Shot by Leon Draisaitl.
7:52 of 2nd period - Stopped by Jake Allen without a rebound.
7:53 of 2nd period - Charlie Coyle wins face-off versus Ryan O'Reilly in Bruins zone.
8:20 of 2nd period - Shot by Ryan O'Reilly.
8:20 of 2nd period - Deflect By Artturi Lehkonen.
8:20 of 2nd period - Stopped by Jake Allen without a rebound.
8:21 of 2nd period - Leon Draisaitl wins face-off versus Nicolas Roy in Bruins zone.
8:52 of 2nd period - Shot by Valeri Nichushkin.
8:52 of 2nd period - Shot Blocked by Mark Giordano.
8:54 of 2nd period - Shot by Jaccob Slavin.
8:54 of 2nd period - Stopped by Jake Allen with a rebound.
8:56 of 2nd period - Shot by Valeri Nichushkin.
8:56 of 2nd period - Goal by Valeri Nichushkin - Canadiens : 1 - Bruins : 3.
8:57 of 2nd period - Ryan O'Reilly wins face-off versus Anze Kopitar in neutral zone.
9:03 of 2nd period - Anze Kopitar is hit by Ryan Suter and loses puck.
9:08 of 2nd period - Shot by Bryan Rust.
9:08 of 2nd period - Stopped by Kaapo Kahkonen with a rebound.
9:10 of 2nd period - Shot by Brady Skjei.
9:10 of 2nd period - Stopped by Kaapo Kahkonen without a rebound.
9:11 of 2nd period - Trevor Zegras wins face-off versus Alexander Kerfoot in Canadiens zone.
9:48 of 2nd period - Brendan Gallagher is hit by T.J. Brodie and loses puck.
10:11 of 2nd period - Adam Pelech is hit by Bryan Rust and loses puck.
10:23 of 2nd period - Icing by Brady Skjei.
10:24 of 2nd period - Ryan O'Reilly wins face-off versus Anze Kopitar in Bruins zone.
10:51 of 2nd period - Shot by Teuvo Teravainen.
10:51 of 2nd period - Deflect By Ryan O'Reilly.
10:51 of 2nd period - Stopped by Jake Allen without a rebound.
10:51 of 2nd period - Minor Penalty to Brady Skjei for Interference.
10:52 of 2nd period - Charlie Coyle wins face-off versus Leon Draisaitl in Bruins zone.
10:52 of 2nd period - Charlie Coyle is hit by Filip Forsberg.
11:06 of 2nd period - Shot by Filip Forsberg.
11:06 of 2nd period - Shot Blocked by Yegor Sharangovich.
11:35 of 2nd period - Icing by Valeri Nichushkin.
11:36 of 2nd period - Leon Draisaitl wins face-off versus Nicolas Roy in Canadiens zone.
12:27 of 2nd period - Shot by Ivan Provorov.
12:27 of 2nd period - Shot Misses the Net.
12:33 of 2nd period - Shot by Ivan Provorov.
12:33 of 2nd period - Stopped by Jake Allen without a rebound.
12:34 of 2nd period - Charlie Coyle wins face-off versus Ryan O'Reilly in Bruins zone.
13:01 of 2nd period - Shot by Andrew Mangiapane.
13:01 of 2nd period - Shot Hit the Post.
13:13 of 2nd period - Anthony Mantha is hit by Brady Skjei and loses puck.
13:19 of 2nd period - Anthony Mantha is hit by Brady Skjei and loses puck.
13:50 of 2nd period - Ivan Provorov is hit by Brady Skjei and loses puck.
14:33 of 2nd period - Tom Wilson is hit by Artturi Lehkonen and loses puck.
14:46 of 2nd period - Shot by Artturi Lehkonen.
14:46 of 2nd period - Deflect By Ryan O'Reilly.
14:46 of 2nd period - Stopped by Jake Allen without a rebound.
14:47 of 2nd period - Charlie Coyle wins face-off versus Leon Draisaitl in Bruins zone.
15:00 of 2nd period - Shot by Yegor Sharangovich.
15:00 of 2nd period - Shot Misses the Net.
15:22 of 2nd period - Shot by Alex Iafallo.
15:22 of 2nd period - Shot Misses the Net.
15:34 of 2nd period - Icing by Charlie Coyle.
15:35 of 2nd period - Charlie Coyle wins face-off versus Ryan O'Reilly in Bruins zone.
15:52 of 2nd period - Shot by Tom Wilson.
15:52 of 2nd period - Shot Misses the Net.
15:54 of 2nd period - Shot by Tom Wilson.
15:54 of 2nd period - Goal by Tom Wilson - Canadiens : 1 - Bruins : 4.
15:54 of 2nd period - Elvis Merzlikins enters game.
15:55 of 2nd period - Lars Eller wins face-off versus Trevor Zegras in neutral zone.
16:01 of 2nd period - Icing by T.J. Brodie.
16:02 of 2nd period - Ryan O'Reilly wins face-off versus Trevor Zegras in Bruins zone.
16:37 of 2nd period - Shot by Trevor Zegras.
16:37 of 2nd period - Stopped by Elvis Merzlikins without a rebound.
16:38 of 2nd period - Anze Kopitar wins face-off versus Leon Draisaitl in Canadiens zone.
16:38 of 2nd period - Brady Skjei is hit by Mattias Ekholm and loses puck.
16:42 of 2nd period - Icing by Valeri Nichushkin.
16:43 of 2nd period - Anze Kopitar wins face-off versus Leon Draisaitl in Canadiens zone.
16:56 of 2nd period - Shot by Filip Forsberg.
16:56 of 2nd period - Stopped by Jake Allen without a rebound.
16:57 of 2nd period - Trevor Zegras wins face-off versus Ryan O'Reilly in Bruins zone.
17:11 of 2nd period - Artturi Lehkonen is hit by T.J. Brodie and loses puck.
17:29 of 2nd period - Icing by Jaccob Slavin.
17:30 of 2nd period - Andrew Mangiapane wins face-off versus Ryan O'Reilly in Canadiens zone.
17:33 of 2nd period - Shot by Bryan Rust.
17:33 of 2nd period - Goal by Bryan Rust - Canadiens : 1 - Bruins : 5.
17:34 of 2nd period - Filip Forsberg wins face-off versus Anze Kopitar in neutral zone.
17:39 of 2nd period - Shot by Leon Draisaitl.
17:39 of 2nd period - Shot Misses the Net.
18:12 of 2nd period - Icing by Ryan Suter.
18:13 of 2nd period - Charlie Coyle wins face-off versus Leon Draisaitl in Canadiens zone.
18:39 of 2nd period - Mark Giordano is hit by Teuvo Teravainen and loses puck.
18:48 of 2nd period - Ivan Provorov is hit by Alex Iafallo and loses puck.
19:18 of 2nd period - Teuvo Teravainen is hit by Tom Wilson and loses puck.
Goals for this period are 1 for Canadiens vs 3 for Bruins.
Shots for this period are 9 for Canadiens vs 9 for Bruins.

3rd period


0:01 of 3rd period - Anze Kopitar wins face-off versus Leon Draisaitl in neutral zone.
0:16 of 3rd period - Valeri Nichushkin is hit by Cam Fowler and loses puck.
0:20 of 3rd period - Valeri Nichushkin is hit by Brady Skjei and loses puck.
0:27 of 3rd period - Shot by Leon Draisaitl.
0:27 of 3rd period - Shot Misses the Net.
0:32 of 3rd period - Filip Forsberg is hit by Brady Skjei and loses puck.
0:45 of 3rd period - Shot by Filip Forsberg.
0:45 of 3rd period - Stopped by Jake Allen without a rebound.
0:46 of 3rd period - Ryan O'Reilly wins face-off versus Trevor Zegras in Bruins zone.
0:46 of 3rd period - Mattias Ekholm is hit by Brett Pesce and loses puck.
0:57 of 3rd period - Shot by Trevor Zegras.
0:57 of 3rd period - Stopped by Elvis Merzlikins with a rebound.
0:59 of 3rd period - Shot by Brett Pesce.
0:59 of 3rd period - Shot Misses the Net.
1:04 of 3rd period - Tom Wilson is hit by Mattias Ekholm and loses puck.
1:26 of 3rd period - Ryan O'Reilly is hit by T.J. Brodie and loses puck.
2:07 of 3rd period - Shot by Yegor Sharangovich.
2:07 of 3rd period - Stopped by Elvis Merzlikins without a rebound.
2:08 of 3rd period - Anze Kopitar wins face-off versus Valeri Nichushkin in Canadiens zone.
2:08 of 3rd period - Anze Kopitar is hit by Ivan Provorov.
2:14 of 3rd period - Shot by Anze Kopitar.
2:14 of 3rd period - Stopped by Elvis Merzlikins without a rebound.
2:15 of 3rd period - Leon Draisaitl wins face-off versus Anze Kopitar in Canadiens zone.
2:38 of 3rd period - Shot by Andrew Mangiapane.
2:38 of 3rd period - Shot Misses the Net.
3:09 of 3rd period - Off-side.
3:10 of 3rd period - Ryan O'Reilly wins face-off versus Charlie Coyle in neutral zone.
3:13 of 3rd period - Alex Iafallo is hit by Ryan O'Reilly.
3:21 of 3rd period - Shot by Ryan O'Reilly.
3:21 of 3rd period - Shot Misses the Net.
3:23 of 3rd period - Shot by Ryan Suter.
3:23 of 3rd period - Shot Blocked by Dmitry Kulikov.
4:42 of 3rd period - Shot by Anthony Mantha.
4:42 of 3rd period - Shot Misses the Net.
5:04 of 3rd period - Shot by Leon Draisaitl.
5:04 of 3rd period - Stopped by Jake Allen without a rebound.
5:05 of 3rd period - Alexander Kerfoot wins face-off versus Anze Kopitar in Bruins zone.
6:12 of 3rd period - Shot by Ryan O'Reilly.
6:12 of 3rd period - Deflect By Teuvo Teravainen.
6:12 of 3rd period - Shot Blocked by Cam Fowler.
6:25 of 3rd period - Icing by Cam Fowler.
6:26 of 3rd period - Leon Draisaitl wins face-off versus Anze Kopitar in Bruins zone.
6:40 of 3rd period - Off-side.
6:41 of 3rd period - Anthony Mantha wins face-off versus Trevor Zegras in neutral zone.
6:41 of 3rd period - Anthony Mantha is hit by Tom Wilson.
7:27 of 3rd period - Ivan Provorov is hit by Tom Wilson and loses puck.
7:40 of 3rd period - Shot by Valeri Nichushkin.
7:40 of 3rd period - Shot Misses the Net.
7:42 of 3rd period - Shot by Mattias Ekholm.
7:42 of 3rd period - Shot Blocked by T.J. Brodie.
7:44 of 3rd period - Shot by Ryan Suter.
7:44 of 3rd period - Shot Blocked by Tom Wilson.
8:06 of 3rd period - Shot by Filip Forsberg.
8:06 of 3rd period - Deflect By Leon Draisaitl.
8:06 of 3rd period - Shot Misses the Net.
8:08 of 3rd period - Shot by Mattias Ekholm.
8:08 of 3rd period - Stopped by Jake Allen with a rebound.
8:10 of 3rd period - Shot by Valeri Nichushkin.
8:10 of 3rd period - Goal by Valeri Nichushkin - Canadiens : 2 - Bruins : 5.
8:11 of 3rd period - Ryan O'Reilly wins face-off versus Charlie Coyle in neutral zone.
8:17 of 3rd period - Icing by Dmitry Kulikov.
8:18 of 3rd period - Charlie Coyle wins face-off versus Ryan O'Reilly in Bruins zone.
8:49 of 3rd period - Alex Iafallo is hit by Artturi Lehkonen and loses puck.
8:53 of 3rd period - Dmitry Kulikov is hit by Artturi Lehkonen.
8:57 of 3rd period - Shot by Ryan O'Reilly.
8:57 of 3rd period - Shot Hit the Post.
9:44 of 3rd period - Shot by Filip Forsberg.
9:44 of 3rd period - Stopped by Jake Allen without a rebound.
9:45 of 3rd period - Anze Kopitar wins face-off versus Lars Eller in Bruins zone.
9:47 of 3rd period - Icing by Cam Fowler.
9:48 of 3rd period - Lars Eller wins face-off versus Anze Kopitar in Bruins zone.
9:55 of 3rd period - Shot by Lars Eller.
9:55 of 3rd period - Shot Misses the Net.
10:27 of 3rd period - Icing by Mattias Ekholm.
10:28 of 3rd period - Trevor Zegras wins face-off versus Daniel Sprong in Canadiens zone.
10:36 of 3rd period - Ryan Suter is hit by Brett Pesce and loses puck.
10:39 of 3rd period - Shot by Lars Eller.
10:39 of 3rd period - Shot Misses the Net.
10:41 of 3rd period - Shot by Daniel Sprong.
10:41 of 3rd period - Shot Blocked by Brett Pesce.
10:56 of 3rd period - Brandon Saad is hit by Ivan Provorov and loses puck.
11:00 of 3rd period - Icing by Ivan Provorov.
11:01 of 3rd period - Charlie Coyle wins face-off versus Ryan O'Reilly in Canadiens zone.
11:02 of 3rd period - Shot by Alex Iafallo.
11:02 of 3rd period - Shot Misses the Net.
11:04 of 3rd period - Shot by Charlie Coyle.
11:04 of 3rd period - Deflect By Alex Iafallo.
11:04 of 3rd period - Stopped by Elvis Merzlikins without a rebound.
11:05 of 3rd period - Anze Kopitar wins face-off versus Leon Draisaitl in Canadiens zone.
11:22 of 3rd period - Shot by Leon Draisaitl.
11:22 of 3rd period - Shot Misses the Net.
11:48 of 3rd period - Shot by Bryan Rust.
11:48 of 3rd period - Shot Misses the Net.
12:17 of 3rd period - Icing by Ryan Suter.
12:18 of 3rd period - Ryan O'Reilly wins face-off versus Trevor Zegras in Canadiens zone.
12:27 of 3rd period - Shot by Ryan O'Reilly.
12:27 of 3rd period - Shot Blocked by Tom Wilson.
12:50 of 3rd period - Artturi Lehkonen is hit by Tom Wilson and loses puck.
13:39 of 3rd period - Shot by Anthony Mantha.
13:39 of 3rd period - Stopped by Jake Allen without a rebound.
13:40 of 3rd period - Zach Parise wins face-off versus Filip Forsberg in Bruins zone.
14:25 of 3rd period - Icing by Ivan Provorov.
14:26 of 3rd period - Trevor Zegras wins face-off versus Leon Draisaitl in Canadiens zone.
14:35 of 3rd period - Shot by Trevor Zegras.
14:35 of 3rd period - Shot Misses the Net.
16:15 of 3rd period - Shot by Anthony Mantha.
16:15 of 3rd period - Stopped by Jake Allen without a rebound.
16:16 of 3rd period - Charlie Coyle wins face-off versus Alexander Kerfoot in Bruins zone.
16:16 of 3rd period - Charlie Coyle is hit by Andrew Cogliano.
16:54 of 3rd period - Shot by Ivan Provorov.
16:54 of 3rd period - Shot Misses the Net.
16:56 of 3rd period - Shot by Brendan Gallagher.
16:56 of 3rd period - Stopped by Jake Allen without a rebound.
16:57 of 3rd period - Brandon Saad wins face-off versus Leon Draisaitl in Bruins zone.
16:59 of 3rd period - Tom Wilson is hit by Filip Forsberg and loses puck.
17:14 of 3rd period - Shot by Filip Forsberg.
17:14 of 3rd period - Stopped by Jake Allen without a rebound.
17:15 of 3rd period - Anze Kopitar wins face-off versus Ryan O'Reilly in Bruins zone.
17:40 of 3rd period - Shot by Anze Kopitar.
17:40 of 3rd period - Stopped by Elvis Merzlikins without a rebound.
17:41 of 3rd period - Leon Draisaitl wins face-off versus Trevor Zegras in Canadiens zone.
18:32 of 3rd period - Icing by Jaccob Slavin.
18:33 of 3rd period - Anze Kopitar wins face-off versus Leon Draisaitl in Canadiens zone.
18:42 of 3rd period - Shot by Anze Kopitar.
18:42 of 3rd period - Shot Blocked by Ivan Provorov.
19:10 of 3rd period - Shot by Andrew Mangiapane.
19:10 of 3rd period - Shot Misses the Net.
19:20 of 3rd period - Anze Kopitar is hit by Jaccob Slavin and loses puck.
19:37 of 3rd period - Shot by Mark Giordano.
19:37 of 3rd period - Stopped by Elvis Merzlikins with a rebound.
19:47 of 3rd period - Shot by Yegor Sharangovich.
19:47 of 3rd period - Shot Misses the Net.
Goals for this period are 1 for Canadiens vs 0 for Bruins.
Shots for this period are 9 for Canadiens vs 6 for Bruins.